 Dungeon Crawl Stone Soup version 0.21.1-1-g345015f (webtiles) character file.

272 spiff the Insei (level 6, -2/41 HPs)
             Began as an Octopode Transmuter on June 30, 2018.
             Slain by a gnoll
             ... wielding a +0 flail
              (12 damage)
             ... on level 3 of the Dungeon.
             The game lasted 00:07:29 (3837 turns).

spiff the Insei (Octopode Transmuter)               Turns: 3837, Time: 00:07:29

Health: -2/41      AC:  2    Str:  9    XL:     6   Next: 23%
Magic:  8/10       EV: 20    Int: 17    God:
Gold:   129        SH:  0    Dex: 18    Spells: 5/11 levels left

rFire    . . .     SeeInvis .     - Unarmed
rCold    . . .     Gourm    .   (shield currently unavailable)
rNeg     . . .     Faith    .   (helmet currently unavailable)
rPois    x         Spirit   .   (no amulet)
rElec    .         Reflect  .   (no ring)
rCorr    .         Harm     .   (no ring)
MR       .....                  (no ring)
Stlth    ++........             (no ring)
HPRegen  0.13/turn              (no ring)
MPRegen  0.12/turn              (no ring)
                                (no ring)
                                (no ring)

@: spider-form
A: tiny, almost no armour, stealthy swim, (amphibious), 8 rings, (constrict 8)
a: End Transformation


You were on level 3 of the Dungeon.
You were near starving.
You were a venomous arachnid creature.
You visited 1 branch of the dungeon, and saw 4 of its levels.

You collected 129 gold pieces.

Inventory:

Hand Weapons
 n - a +4 dagger of distortion
Missiles
 a - 27 arrows
Wands
 p - a wand of flame (1)
Scrolls
 f - 2 scrolls of fog
 h - 2 scrolls of remove curse
 j - a scroll of magic mapping
 k - a scroll of immolation {unknown}
 m - a scroll of blinking {unknown}
Potions
 d - 2 potions of curing
 e - a potion of might {unknown}
 g - 2 potions of agility
 i - 2 potions of cancellation
 l - 3 potions of lignification
 o - a potion of brilliance
 q - a potion of heal wounds
 r - a potion of invisibility {unknown}
Books
 b - a book of Changes

   Spells                             Type                      Level
   a - Beastly Appendage              Transmutation                1
   b - Sticks to Snakes               Transmutation                2
   c - Spider Form                    Transmutation/Poison         3
   d - Ice Form                       Ice/Transmutation            4
   e - Blade Hands                    Transmutation                5
Comestibles
 c - 6 rations


   Skills:
 + Level 2.8 Fighting
 - Level 2.0 Dodging
 + Level 4.1 Unarmed Combat
 + Level 3.1 Spellcasting
 + Level 3.4 Transmutations
 + Level 2.3 Poison Magic


You had 5 spell levels left.
You knew the following spells:

 Your Spells              Type           Power        Failure   Level  Hunger
a - Beastly Appendage     Tmut           ##....       13%         1    None
b - Sticks to Snakes      Tmut           ##......     17%         2    ##.....
c - Spider Form           Tmut/Pois      ##........   34%         3    ###....


Dungeon Overview and Level Annotations

Branches:
Dungeon (4/15)
 Temple: D:4-7

Altars:
Ashenzari
Gozag
Makhleb
Nemelex Xobeh
Vehumet
Wu Jian


Innate Abilities, Weirdness & Mutations

You cannot wear most types of armour.
You are very stealthy in the water. (Stealth+)
((You are amphibious.))
You can wear up to eight rings at the same time.
((You can use your tentacles to constrict eight enemies at once.))
((Your skin changes colour to match your surroundings (Stealth+).))
((Your rubbery body absorbs attacks. (AC +1, EV +1)))


Message History

You hit the gnoll shaman but do no damage.
The gnoll shaman looks as sick as possible!
The gnoll shaman is heavily wounded.
The gnoll hits you with a flail. The gnoll shaman hits you with a whip.
* * * LOW HITPOINT WARNING * * *
You hit the gnoll.
The gnoll is poisoned.
The gnoll is moderately wounded.
The gnoll completely misses you.
The gnoll shaman calls upon its god to heal the gnoll.
The gnoll is healed somewhat.
The gnoll closely misses you.
You hit the gnoll shaman.
You kill the gnoll shaman!
The gnoll closely misses you.
You hit the gnoll but do no damage.
The gnoll looks as sick as possible!
The gnoll is moderately wounded.
The gnoll closely misses you.
You hit the gnoll.
The gnoll looks as sick as possible!
The gnoll is almost dead.
The gnoll hits you with a flail!
You die...

.......#.#....#####.#.# #.#
#8...8#.###.........#.# #.#
.......## ##.(......#.# #.#
#..####.###.....[.#.#.# #.#
#..# ##.#..).#.#.....####.#
#..# ##....##............#
#..# #########.....######
#..# #........#.#.# #..####
#.....)s)#.#.#
#.....####.....g.##.#.#
##.##.............(...#
#.##............##.###
#...............##.#######
##..#............##.......#
....#...<..##..##########.#
....#..#.###...### #.#
.........# #.....# #.#


You could see a gnoll.

Vanquished Creatures
  The ghost of lotte the Magician, an amateur OpWz (D:3)
  A crimson imp (D:4)
  A gnoll shaman (D:3)
  2 orc priests (D:4)
  An adder (D:4)
  An ooze (D:1)
  4 worms
  3 dart slugs
  4 orcs
  2 giant cockroaches
  4 hobgoblins
  2 ball pythons (D:1)
  8 bats
  4 frilled lizards
  5 goblins
  4 kobolds
  9 rats
56 creatures vanquished.

Vanquished Creatures (collateral kills)
  A hobgoblin (D:2)
  A goblin (D:2)
2 creatures vanquished.

Grand Total: 58 creatures vanquished

Notes
Turn   | Place    | Note
-------+----------+-------------------------------------------
     0 | D:1      | spiff the Octopode Transmuter began the quest for the Orb.
     0 | D:1      | Reached XP level 1. HP: 13/13 MP: 3/3
   103 | D:1      | Reached XP level 2. HP: 9/18 MP: 3/5
  1068 | D:2      | Learned a level 2 spell: Sticks to Snakes
  1076 | D:2      | Reached XP level 3. HP: 23/23 MP: 4/6
  1213 | D:2      | Found an opulent altar of Gozag.
  1215 | D:2      | Found a sparkling altar of Nemelex Xobeh.
  1906 | D:3      | Learned a level 3 spell: Spider Form
  1907 | D:3      | Noticed lotte's ghost (amateur OpWz)
  1949 | D:3      | Found an ornate altar of the Wu Jian Council.
  2401 | D:3      | Reached XP level 4. HP: 29/29 MP: 5/7
  2885 | D:3      | Killed lotte's ghost
  2885 | D:3      | Reached skill level 1 in Poison Magic
  2885 | D:3      | Reached XP level 5. HP: 19/35 MP: 5/9
  3316 | D:4      | Found a radiant altar of Vehumet.
  3317 | D:4      | Found a burning altar of Makhleb.
  3387 | D:4      | Reached skill level 4 in Unarmed Combat
  3391 | D:4      | Reached XP level 6. HP: 4/41 MP: 5/10
  3713 | D:4      | Found a shattered altar of Ashenzari.
  3837 | D:3      | Slain by a gnoll

Skill      XL: |  1  2  3  4  5 |
---------------+----------------+-----
Fighting       | 2 |  2.8
Transmutations | 3 |  3.4
Poison Magic   | 1 2 |  2.3
Unarmed Combat | 4 |  4.1
Spellcasting   | 3 |  3.1
Dodging        | |  2.0

Action                   |  1- 3 |  4- 6 || total
-------------------------+-------+-------++-------
Melee: Unarmed           |    90 |    49 ||   139
       Kick              |    17 |     3 ||    20
       Constrict         |    17 |     4 ||    21
       Tentacles         |    11 |     4 ||    15
       Punch             |     1 |       ||     1
 Cast: Beastly Appendage |    22 |     4 ||    26
       Sticks to Snakes  |     2 |       ||     2
       Spider Form       |       |     4 ||     4
  Use: Scroll            |       |     9 ||     9
 Stab: Sleeping          |     8 |     2 ||    10
  Eat: Chunk             |     4 |     4 ||     8
Armor: Skin              |     8 |     2 ||    10
Dodge: Dodged            |    45 |    33 ||    78
